AoeStats
← waLLefps.

Arena

507114440Analyzed
4v4 RM · 16d ago on Sep 16, 2026· 45m 13s· 8 players
Game mode
Random Map
Map size
Large (8 player)
Population
200
Speed
Normal
Resources
Standard
Victory
Conquest
Starting age
Dark Age
Ending age
Imperial Age
RankedLock teamsTeams togetherTeam positionsShared explorationLock speedFull tech treeHidden civsTurbo modeCheats
Victory
Defeat
🇹🇷 Turks · Türkiye
1460
+12
🇹🇷 Romans · Türkiye
1460
+12
🇹🇷 Goths · Türkiye
1453
+12
🇹🇷 Khmer · Türkiye
1425
+13
🇨🇭 Bohemians · Switzerland
1428
-15
🇨🇭 Portuguese · Switzerland
1376
-13
🇲🇽 Mongols · Mexico
1344
-11
🇲🇽 Lithuanians · Mexico
1314
-10
Ux'Alargeo
11:13 Feudal Age
12:01 Double-Bit Axe
12:14 Horse Collar
14:57 Castle Age
15:51 Wheelbarrow
16:20 Bow Saw
20:52 Loom
21:58 Scale Mail Armor
21:51 Fletching
22:05 Heavy Plow
23:07 Hand Cart
23:37 Gold Mining
23:44 Town Watch
25:18 Town Patrol
25:20 Stone Mining
26:07 Gold Shaft Mining
27:07 Stone Shaft Mining
32:30 Imperial Age
34:19 Imperial Age
40:53 Bodkin Arrow
40:59 Padded Archer Armor
41:34 Bracer
42:15 Leather Archer Armor
43:33 Ballistics
44:23 Chemistry
Alarcón
11:01 Feudal Age
13:11 Wheelbarrow
12:56 Double-Bit Axe
15:24 Castle Age
16:53 Bow Saw
23:35 Pikeman
26:28 Gold Mining
26:29 Stone Mining
26:27 Horse Collar
27:26 Town Watch
27:58 Hand Cart
31:30 Imperial Age
29:59 Bloodlines
29:50 Husbandry
29:57 Scale Barding Armor
30:03 Forging
31:33 Cavalier
32:18 Town Patrol
32:48 Chain Barding Armor
35:00 Paladin
36:19 Stone Shaft Mining
36:44 Plate Barding Armor
36:44 Iron Casting
36:39 Conscription
44:46 Fletching
Pancho
10:45 Feudal Age
12:02 Double-Bit Axe
14:46 Castle Age
12:30 Horse Collar
15:46 Heavy Plow
16:00 Bow Saw
27:46 Imperial Age
27:59 Padded Archer Armor
28:23 Loom
29:14 Wheelbarrow
28:24 Town Watch
29:00 Heavy Plow
30:06 Two-Man Saw
30:31 Chemistry
30:05 Arquebus
30:21 Gold Mining
30:56 Fletching
31:26 Leather Archer Armor
32:42 Ring Archer Armor
33:21 Siege Engineers
33:37 Ballistics
37:27 Hand Cart
38:50 Masonry
38:20 Treadmill Crane
41:07 Scale Mail Armor
41:17 Forging
42:02 Pikeman
43:54 Halberdier
44:50 Chain Mail Armor
44:46 Forging
[H A R D] postrusher
11:54 Feudal Age
12:52 Double-Bit Axe
13:22 Horse Collar
15:46 Castle Age
13:58 Fletching
17:30 Bow Saw
18:31 Loom
22:11 Heavy Plow
23:36 Town Watch
24:28 Wheelbarrow
25:38 Hand Cart
28:38 Imperial Age
26:44 Bodkin Arrow
28:38 Chemistry
27:50 Masonry
28:03 Ballistics
29:59 Masonry
30:21 Bracer
30:44 Houfnice
33:28 Pikeman
34:22 Scale Mail Armor
34:33 Forging
34:28 Squires
35:23 Chain Mail Armor
39:43 Halberdier
Yokolucu
10:51 Feudal Age
13:42 Castle Age
12:08 Double-Bit Axe
12:24 Horse Collar
14:33 Bow Saw
14:37 Heavy Plow
20:58 Wheelbarrow
24:48 Gold Mining
29:31 Imperial Age
27:24 Stone Mining
28:13 Light Cavalry
29:39 Bloodlines
29:44 Scale Barding Armor
29:45 Husbandry
30:48 Chain Barding Armor
31:21 Forging
32:09 Plate Barding Armor
31:38 Hussar
33:12 Iron Casting
33:04 Hand Cart
32:34 Town Watch
32:35 Loom
34:01 Conscription
35:57 Blast Furnace
waLLefps.
11:19 Feudal Age
15:17 Castle Age
13:58 Double-Bit Axe
14:18 Horse Collar
16:10 Bow Saw
17:34 Heavy Plow
22:40 Wheelbarrow
24:21 Hand Cart
26:01 Loom
28:00 Gold Mining
28:01 Stone Mining
31:50 Imperial Age
29:09 Town Watch
30:06 Gold Shaft Mining
31:14 Padded Archer Armor
31:05 Fletching
31:54 Coinage
32:55 Leather Archer Armor
32:36 Bodkin Arrow
32:47 Scale Barding Armor
32:53 Forging
32:50 Husbandry
33:01 Bloodlines
34:46 Two-Man Saw
34:23 Ring Archer Armor
34:15 Conscription
34:01 Elite Janissary
35:29 Chain Barding Armor
35:34 Ballistics
35:25 Masonry
36:46 Iron Casting
37:11 Fortified Wall
38:48 Heavy Camel Rider
42:59 Plate Barding Armor
43:25 Blast Furnace
Tameryig1t
11:01 Feudal Age
16:03 Castle Age
14:07 Loom
14:35 Double-Bit Axe
15:12 Horse Collar
15:59 Gold Mining
17:36 Forging
17:26 Scale Mail Armor
18:41 Bow Saw
22:05 Wheelbarrow
23:28 Squires
23:31 Scale Mail Armor
26:43 Chain Mail Armor
27:03 Iron Casting
29:21 Hand Cart
30:38 Pikeman
34:11 Imperial Age
34:18 Anarchy
34:16 Halberdier
37:30 Blast Furnace
40:06 Conscription
39:49 Perfusion
40:35 Conscription
39:36 Elite Huskarl
41:25 Two-Man Saw
40:28 Heavy Plow
41:59 Ballistics
41:34 Murder Holes
42:42 Chemistry
klostrofobikköstebek
11:12 Feudal Age
14:51 Castle Age
12:58 Horse Collar
13:24 Double-Bit Axe
15:43 Heavy Plow
17:02 Wheelbarrow
16:58 Loom
21:59 Bow Saw
21:54 Loom
26:08 Imperial Age
24:01 Gold Mining
25:00 Hand Cart
25:25 Gold Shaft Mining
25:18 Ballistics
26:11 Ballistas
26:36 Heavy Scorpion
27:03 Pikeman
27:44 Squires
27:47 Scale Mail Armor
29:17 Chain Mail Armor
29:12 Forging
29:54 Capped Ram
32:30 Chemistry
31:34 Halberdier
32:32 Siege Engineers
34:18 Iron Casting
34:16 Crop Rotation
35:02 Siege Ram
38:12 Blast Furnace
37:18 Scale Barding Armor
38:03 Light Cavalry
38:53 Bloodlines
38:43 Husbandry
40:02 Chain Barding Armor
42:58 Plate Barding Armor
43:46 Fletching
44:09 Fortified Wall
43:54 Murder Holes
Connection lost

Rejoining the realm…

Still unreachable

The connection could not be restored.

Session expired

The server has moved on; the page needs a fresh start.